 Dungeon Crawl Stone Soup version 0.31-a0-214-gb37851dbb3 (webtiles) character file.

Game seed: 10604922280965901080

188 qw the Chopper (level 5, -18/32 HPs)
             Began as a Gargoyle Fighter on July 1, 2023.
             Was an Initiate of Okawaru.
             Killed from afar by an oklob plant (33 damage)
             ... with a splash of acid
             ... on level 4 of the Dungeon.
             The game lasted 00:01:28 (3553 turns).

qw the Chopper (Gargoyle Fighter)                   Turns: 3553, Time: 00:01:28

Health: -18/32     AC:  5    Str: 27    XL:     5   Next: 67%
Magic:  5/5        EV:  8    Int:  9    God:    Okawaru [......]
Gold:   227        SH:  4    Dex:  9    Spells: 4/4 levels left

rFire   . . .        Y - +1 war axe
rCold   . . .        c - +0 buckler
rNeg    + . .        h - +0 chain mail
rPois   inf          (no helmet)
rElec   +            (no cloak)
rCorr   .            (no gloves)
SInv    .            (no boots)
Will    .....        (no amulet) Stlth
                     r - +6 ring of strength
HPRegen 0.25/turn    (no ring)
MPRegen 0.09/turn

%: no passive effects
@: corroded
A: sickness immunity, AC +4, negative energy resistance 1, electricity
resistance, torment resistance 1, petrification resistance
a: Renounce Religion


You were on level 4 of the Dungeon.
You worshipped Okawaru.
Okawaru was noncommittal.
You visited 2 branches of the dungeon, and saw 5 of its levels.

You collected 227 gold pieces.


Innate Abilities, Weirdness & Mutations

You are immune to sickness and miasma.
Your stone body is resilient. (AC +4)
You are immune to poison.
You resist negative energy. (rN+)
You are resistant to electric shocks. (rElec)
You are resistant to unholy torment.
You are immune to petrification.


   Skills:
 + Level 3.3 Fighting
 - Level 5.0 Axes
 - Level 1.0 Throwing
 - Level 3.2 Armour
 - Level 3.2 Shields


You had 4 spell levels left.
You didn't know any spells.
Your spell library was empty.

Inventory:

Hand Weapons
 o - a +0 flail
 Y - a +1 war axe (weapon)
Missiles
 q - 8 javelins (quivered)
Armour
 c - a +0 buckler (worn)
 h - a +0 chain mail (worn)
Jewellery
 r - a +6 ring of strength (left hand)
Scrolls
 a - a scroll of identify
 f - 2 scrolls of teleportation
Potions
 d - 3 potions of might
 e - a potion of magic
 g - a potion of heal wounds
 j - a potion of mutation
 k - a potion of lignification
 m - 2 potions of curing
 n - a potion of attraction {unknown}

Dungeon Overview and Level Annotations

Branches:
Dungeon (4/15)             Temple (1/1) D:4

Altars:
Cheibriados
Elyvilon
Fedhas
Gozag
Makhleb
Nemelex Xobeh
Okawaru
Qazlal
Ru
Sif Muna
Trog
Uskayaw
Wu Jian
Xom
Yredelemnul
Zin

Shops:
D:1 (   D:4 =

Annotations:
D:2 1 runed translucent door, Crazy Yiuf


Message History

The dart slug bites you but does no damage.
You hit the dart slug.
The dart slug is severely wounded.
The dart slug closely misses you.
You slash the dart slug!
You kill the dart slug!
Okawaru accepts your kill.
An oklob plant comes into view.
Enter note:
Enter note:
Enter note:
Enter note:
Enter note:
Enter note:
Enter note:
Enter note:
Enter note: The oklob plant spits acid at you.
The splash of acid hits you. The acid corrodes you!
Enter note:
Enter note:
Enter note:
Enter note:
Enter note:
Enter note:
Enter note:
Enter note:
Enter note: You slash the oklob plant!
The oklob plant is lightly damaged.
You hit the plant but do no damage. The oklob plant spits acid at you.
The splash of acid hits you! The acid corrodes you!
You completely miss the oklob plant.
The oklob plant is lightly damaged.
You hit the plant but do no damage. The oklob plant spits acid at you.
The splash of acid hits you!!
Ouch! That really hurt!
You die...

..=#### #..# .~~~~...~~~~.##
#.....# ##.###PP#......_.~~~~...
###...# #..#P#PP.~~~~...~~~~.##
####..#####..#PPP#.~~~~~~~~~~~.PP
.>.......##..##P....~~~~~~~~~...P
#####.....#..#.PP.#..~~~~~~~.....
#........# #.PP...~~~~~...#P#
#.#####..#P#.PP.P.......P.PP# #.#
#..##.@...#.#...###..P. # ###.#
#..#PP..#.....P.P.#PPPP # #...#
#..##P..P.P#..PPP.PP##P ###.###
#.##P.PP.#..##P####.P#P .....#
#\##################### ..<..#
#.###.##..# #.....:.##.
#....######.##......# #..........
.<...##..##.......### #.......###
..##.##...#......######.......#


You could see an oklob plant.

Vanquished Creatures
  An orc priest (D:4)
  An orc wizard (D:4)
  4 adders (D:4)
  6 dart slugs
  8 orcs
  6 bats
  5 endoplasms
  2 giant cockroaches
  2 goblins
  5 hobgoblins
  12 jackals
  3 quokkas
  3 ball pythons
  4 frilled lizards
  8 kobolds
  5 rats
75 creatures vanquished.

Notes
Turn   | Place    | Note
-------+----------+-------------------------------------------
     0 | D:1      | qw the Gargoyle Fighter began the quest for the Orb.
     0 | D:1      | Reached XP level 1. HP: 14/14 MP: 1/1
     0 | D:1      | 0 ||| qw: Version: 0.3-a-32-g5962c71
     0 | D:1      | 0 ||| qw: Game counter: 7621
     0 | D:1      | 0 ||| qw: Melee chars always use a shield: true
     0 | D:1      | 0 ||| qw: God list: Okawaru
     0 | D:1      | 0 ||| qw: Allow faded altars: false
     0 | D:1      | 0 ||| qw: Do Orc after clearing Dungeon:15 true
     0 | D:1      | 0 ||| qw: Do second Lair branch before Depths: true
     0 | D:1      | 0 ||| qw: Lair rune preference: random
     0 | D:1      | 0 ||| qw: Goals: Normal, Zot:1-4, Slime:5, God:TSO, Crypt,
                  | Tomb, Abyss, Pan, Hells, Win
     0 | D:1      | 0 ||| PLANNING D:1-11
    42 | D:1      | 42 ||| Stepping ~*~*~tactically~*~*~ (hiding).
    52 | D:1      | Reached skill level 2 in Axes
   142 | D:1      | Reached XP level 2. HP: 15/19 MP: 2/2
   341 | D:1      | 341 ||| Stepping ~*~*~tactically~*~*~ (stealth).
   557 | D:1      | Found Zastryck's Antique Weapon Boutique.
   565 | D:1      | Reached skill level 3 in Axes
   570 | D:1      | 570 ||| SHOPLISTING mace (72 gold, have 32).
   628 | D:1      | 628 ||| Stepping ~*~*~tactically~*~*~ (stealth).
   631 | D:1      | Reached XP level 3. HP: 23/23 MP: 3/3
   704 | D:1      | You fall into a shaft and drop 1 floor!
   812 | D:2      | 812 ||| READING scroll labelled TEPSOW VIEHOI.
   813 | D:2      | 813 ||| READING scroll labelled SIECYSU WOAS.
   814 | D:2      | 814 ||| READING 2 scrolls labelled XIAREH UTAGHOA.
   815 | D:2      | 815 ||| READING scroll labelled HYMAGOR IRERPHE.
   816 | D:2      | 816 ||| DROPPING scroll of blinking.
  1175 | D:2      | 1175 ||| DROPPING +0 whip.
  1621 | D:2      | Found a runed translucent door.
  1622 | D:2      | Noticed Crazy Yiuf
  1741 | D:2      | 1741 ||| READING 2 scrolls of identify.
  1741 | D:2      | 1741 ||| IDENTIFYING emerald potion
  1742 | D:2      | 1742 ||| DROPPING potion of ambrosia.
  1788 | D:3      | 1788 ||| Stepping ~*~*~tactically~*~*~ (hiding).
  1837 | D:3      | 1837 ||| Stepping ~*~*~tactically~*~*~ (hiding).
  1839 | D:3      | 1839 ||| Stepping ~*~*~tactically~*~*~ (hiding).
  1966 | D:3      | 1966 ||| Stepping ~*~*~tactically~*~*~ (hiding).
  1967 | D:3      | 1967 ||| Stepping ~*~*~tactically~*~*~ (hiding).
  2101 | D:3      | Reached skill level 1 in Throwing
  2202 | D:3      | Reached XP level 4. HP: 28/28 MP: 4/4
  2311 | D:3      | 2311 ||| Stepping ~*~*~tactically~*~*~ (stealth).
  2312 | D:3      | 2312 ||| Stepping ~*~*~tactically~*~*~ (stealth).
  2324 | D:3      | 2324 ||| DROPPING +0 whip of holy wrath.
  2548 | D:3      | 2548 ||| UPGRADING to +0 chain mail.
  2558 | D:3      | 2558 ||| DROPPING +0 scale mail.
  2559 | D:3      | 2559 ||| UPGRADING to +6 ring of strength.
  2560 | D:3      | 2560 ||| READING scroll labelled WEUFOE HE UPA.
  2561 | D:3      | 2561 ||| READING scroll labelled RUYRRIENW MIPTUIF.
  2566 | D:3      | 2566 ||| DRINKING 2 bubbling clear potions.
  2607 | D:3      | 2607 ||| DRINKING 2 fuming black potions.
  2608 | D:3      | 2608 ||| DRINKING 3 cyan potions.
  2609 | D:3      | 2609 ||| READING 5 scrolls of identify.
  2609 | D:3      | 2609 ||| IDENTIFYING amethyst potion
  2610 | D:3      | 2610 ||| READING 4 scrolls of identify.
  2610 | D:3      | 2610 ||| IDENTIFYING ruby potion
  2611 | D:3      | 2611 ||| READING 3 scrolls of identify.
  2611 | D:3      | 2611 ||| IDENTIFYING red potion
  2612 | D:3      | 2612 ||| READING 2 scrolls of identify.
  2612 | D:3      | 2612 ||| IDENTIFYING glowing golden potion
  2613 | D:3      | 2613 ||| DROPPING potion of berserk rage.
  2614 | D:3      | 2614 ||| DROPPING potion of brilliance.
  2726 | D:4      | Found a staircase to the Ecumenical Temple.
  2727 | D:4      | 2727 ||| PLANNING TEMPLE
  2734 | D:4      | Reached skill level 4 in Axes
  2739 | D:4      | 2739 ||| READING scroll labelled DALLI MOIPP.
  2840 | D:4      | 2840 ||| READING 2 scrolls of identify.
  2840 | D:4      | 2840 ||| IDENTIFYING murky brown potion
  2841 | D:4      | 2841 ||| DROPPING potion of invisibility.
  2848 | Temple   | Entered the Ecumenical Temple
  2876 | Temple   | 2876 ||| PLANNING OKAWARU WORSHIP
  3056 | Temple   | Became a worshipper of Warmaster Okawaru
  3057 | Temple   | 3057 ||| PLANNING D:1-11
  3102 | D:4      | 3102 ||| Stepping ~*~*~tactically~*~*~ (stealth).
  3134 | D:4      | 3134 ||| Stepping ~*~*~tactically~*~*~ (stealth).
  3147 | D:4      | 3147 ||| Stepping ~*~*~tactically~*~*~ (hiding).
  3154 | D:4      | Reached XP level 5. HP: 32/32 MP: 5/5
  3203 | D:4      | Found Terootes's Jewellery Shop.
  3208 | D:4      | 3208 ||| SHOPLISTING +4 ring of slaying (1014 gold, have
                  | 179).
  3208 | D:4      | 3208 ||| SHOPLISTING +5 ring of evasion (468 gold, have
                  | 179).
  3208 | D:4      | 3208 ||| SHOPLISTING +6 ring of strength (468 gold, have
                  | 179).
  3208 | D:4      | 3208 ||| SHOPLISTING amulet of reflection (390 gold, have
                  | 179).
  3245 | D:4      | Found a stormy altar of Qazlal.
  3333 | D:4      | Found a shimmering altar of Xom.
  3483 | D:4      | Reached skill level 5 in Axes
  3521 | D:4      | Found a blossoming altar of Fedhas.
  3548 | D:4      | Noticed an oklob plant
  3553 | D:4      | Killed from afar by an oklob plant

Levels and vault maps discovered:
D:1:      grunt_arrival_crossed_arrows, layout_basic, serial_shops, shop,
          st_stairs_7, minmay_statues_item
D:2:      layout_basic, uniq_crazy_yiuf_cottage
D:3:      layout_loops_ring
D:4:      layout_rooms, marbit_many_paths, grunt_qazlal_clouds, tgw_fedhas,
          minmay_temple_entry_proselytizer, minmay_shop_enchanted_jewellery
Temple:   nicolae_temple_bog_church

Skill      XL: |  1  2  3  4  5 |
---------------+----------------+-----
Axes           | 2 3 4 5 |  5.0
Throwing       | 1 |  1.0
Fighting       | |  3.3
Armour         | |  3.2
Shields        | |  3.2

Action                     |  1- 3 |  4- 6 || total
---------------------------+-------+-------++-------
  Melee: War axe           |    97 |    80 ||   177
  Throw: Javelin           |    13 |    15 ||    28
    Use: Scroll            |     5 |     8 ||    13
         Potion            |       |     3 ||     3
 Armour: Scale mail        |    52 |     3 ||    55
         Chain mail        |       |    50 ||    50
  Dodge: Dodged            |    40 |    35 ||    75
  Block: Buckler           |    14 |    16 ||    30

Table legend:
 A = Non-vault XP
 B = Vault XP
 C = Vault XP percentage of total XP
 D = Non-vault monster count
 E = Vault monster count
 F = Vault count percentage of total count
                 A         B        C        D         E       F
            +---------+---------+-------+---------+---------+-------
      Total |     222 |      47 |  17.5 |      71 |       4 |   5.3
            +---------+---------+-------+---------+---------+-------
        D:1 |      35 |       4 |  10.3 |      22 |       2 |   8.3
        D:2 |      16 |       0 |   0.0 |       9 |       0 |   0.0
        D:3 |      45 |       0 |   0.0 |      19 |       0 |   0.0
        D:4 |     126 |      43 |  25.4 |      21 |       2 |   8.7
            +---------+---------+-------+---------+---------+-------
